 Dungeon Crawl Stone Soup version 0.13.1-19-g4b9377e (webtiles) character file.

301539 Chiseanne the Spry (level 20, -5/168 HPs)
             Began as a Centaur Artificer on Dec 21, 2013.
             Was a High Priest of Okawaru.
             Shot with an arrow by a vault warden (25 damage)
             ... on Level 4 of the Vaults on Dec 27, 2013.
             The game lasted 06:04:28 (62293 turns).

Chiseanne the Spry (Centaur Artificer)             Turns: 62293, Time: 06:04:29

HP  -5/168       AC 30     Str 20      XL: 20   Next: 50%
MP  31/31        EV 18     Int 13      God: Okawaru [*****.]
Gold 1542        SH 41     Dex 16      Spells:  4 memorised, 13 levels left

Res.Fire  : + . .   See Invis. : +   a - +2,-4 demon trident of Corruption {god gift, venom, rN+ MR++}
Res.Cold  : + . .   Warding    : +   F - +2 animal skin of the Chupacabra {god gift, Acc+6 Dam+5}
Life Prot.: + + +   Conserve   : .   E - +1 dwarf large shield
Res.Poison: +       Res.Corr.  : .   (helmet restricted)
Res.Elec. : .       Clarity    : .   u - +0 cloak "Schypusu" {+Blink rPois}
Sust.Abil.: . .     Spirit.Shd : .   f - +2 pair of gloves {Str+3} {god gift}
Res.Mut.  : .       Stasis     : .   p - +10 Black Knight's horse barding {god gift, ponderous, Hunger- rN+}
Res.Rott. : .       Flight     : .   e - amulet of warding
Saprovore : . . .                    g - ring of see invisible
                                     v - ring of Dapseaq {Contam rF+ rC+ Acc+2}

@: quick, extremely resistant to hostile enchantments, unstealthy
A: hooves 3, horns 1, deformed body, herbivore 1, speed 2, fast metabolism 1,
tough skin 3, AC +2, Int +2
a: Heroism, Finesse, Renounce Religion, Evoke Blink
}: 1/15 runes: decaying


You were on level 4 of the Vaults.
You worshipped Okawaru.
Okawaru was extremely pleased with you.
You were near starving.

You visited 7 branches of the dungeon, and saw 43 of its levels.
You visited the Abyss 1 time.
You also visited: Labyrinth.

You collected 3606 gold pieces.
You spent 1938 gold pieces at shops.

Inventory:

Hand weapons
 a - the +2,-4 demon trident of Corruption (weapon) {god gift, venom, rN+ MR++}
   (Okawaru gifted it to you on level 16 of the Dungeon)

   It poisons the flesh of those it strikes.
   It protects you from negative energy.
   It affects your resistance to hostile enchantments.
 q - a +3 blowgun
 s - a +2,+3 flail of protection
 x - the +11,+3 scimitar of Ladwoi {god gift, slice, rF+, unknown}
   (Okawaru gifted it to you on level 3 of the Vaults)

   It inflicts extra damage upon your enemies.
   It protects you from fire.
Missiles
 k - 11 curare-tipped needles
 y - 16 poisoned needles
 D - 14 javelins (quivered)
Armour
 f - a +2 pair of gloves of strength (worn) {god gift}
 p - the +10 Black Knight's horse barding (worn) {god gift, ponderous, Hunger- rN+}
   (Okawaru gifted it to you on level 12 of the Dungeon)

   It protects you from negative energy.
   It slows your metabolism.
 u - the +0 cloak "Schypusu" (worn) {+Blink rPois}
   (You bought it in a shop on level 2 of the Vaults)

   It protects you from poison.
   It lets you blink.
 E - a +1 dwarven large shield (worn)
 F - the +2 animal skin of the Chupacabra (worn) {god gift, Acc+6 Dam+5}
   (Okawaru gifted it to you on level 18 of the Dungeon)

   It affects your accuracy (+6).
   It affects your damage-dealing abilities (+5).
 L - a +4 troll leather armour
Magical devices
 i - a wand of digging (8)
 m - a wand of cold (10)
 J - a wand of polymorph (4)
 N - a wand of disintegration (10)
Comestibles
 z - a bread ration
 A - 18 cheeses
 O - an apple
Scrolls
 b - a scroll of recharging
 h - a scroll of remove curse
 o - a scroll of fear
 H - 8 scrolls of teleportation
 Y - 7 scrolls of fog
Jewellery
 c - an uncursed ring of protection from fire
 e - an amulet of warding (around neck)
 g - a ring of see invisible (right hand)
 j - an uncursed amulet of the gourmand
 n - an uncursed amulet of stasis
 t - an uncursed ring of flight
 v - the ring of Dapseaq (left hand) {Contam rF+ rC+ Acc+2}
   (You found it in a labyrinth)

   [ring of protection from fire]

   It affects your accuracy (+2).
   It protects you from cold.
   It causes magical contamination when unequipped.
 G - an uncursed ring of poison resistance
Potions
 d - 2 potions of heal wounds
 r - 4 potions of curing
 B - a potion of might
 W - 3 potions of restore abilities
Rods
 w - a +9 rod of frigid destruction (17/17)
   (You found it in a labyrinth)


   Skills:
 * Level 12.8 Fighting
   Level 2.5 Short Blades
 - Level 5.8 Long Blades
 - Level 5.8 Maces & Flails
 - Level 6.9 Polearms
   Level 0.3 Staves
 * Level 11.8 Armour
 * Level 15.6 Dodging
 - Level 0.5 Stealth
 * Level 13.2 Shields
 - Level 8.0 Invocations
 - Level 10.5 Evocations


You had 13 spell levels left.
You knew the following spells:

 Your Spells              Type           Power        Failure   Level  Hunger
a - Apportation           Tloc           #.........   30%         1    ##.....
b - Blink                 Tloc           N/A          47%         2    ###....
c - Corona                Hex            #......      30%         1    ##.....
d - Repel Missiles        Chrm/Air       #.........   47%         2    ###....


Dungeon Overview and Level Annotations

Branches:
Dungeon (20/27)            Temple (1/1) D:7             Orc (4/4) D:10
    Elf (0/3) Orc:3          Lair (8/8) D:12          Swamp (5/5) Lair:3
 Spider (1/5) Lair:4        Slime (0/6) Lair:7       Vaults (4/5) D:20
  Crypt (0/5) Vaults:2
  Blade: Vaults:3-4

Altars:
Ashenzari
Cheibriados
Elyvilon
Fedhas
Kikubaaqudgha
Makhleb
Nemelex Xobeh
Okawaru
Sif Muna
Trog
Vehumet
Xom
Yredelemnul
Zin
the Shining One

Shops:
D:11 =   Orc:1 (   Orc:4 }}**   Vaults:2 [

Portals:
Trove: D:14 (give 5 scrolls of blinking)

Annotations:
D:15 exclusion: door


Innate Abilities, Weirdness & Mutations

You have hooves in place of feet.
Armour fits poorly on your strangely shaped body.
You digest meat inefficiently.
You cover ground very quickly.
You have a fast metabolism.
You have extremely tough skin (AC +3).
You have a pair of small horns on your head.
You are partially covered in thin metallic scales (AC +2).
Your mind is acute. (Int +2)


Message History

You hit the vault warden but do no damage.
The vault warden looks even sicker.
You kick the vault warden! You headbutt the vault warden.
The vault warden is severely wounded.
You closely miss the vault warden. You kick the vault warden!
The vault warden is severely wounded.
You block the vault warden's attack.
You barely miss the vault warden. Your kick misses the vault warden.
Your headbutt misses the vault warden.
The vault warden is severely wounded.
You block the vault warden's attack.
You puncture the vault warden!
The vault warden looks even sicker.
You headbutt the vault warden, but do no damage.
The vault warden is almost dead.
The vault warden hits you with a battleaxe of electrocution!
* * * LOW HITPOINT WARNING * * *
The vault warden unwields an uncursed battleaxe of electrocution.
It stops crackling.
The vault warden wields an elven bow.
The vault warden shoots an arrow.
The arrow hits you!
You die...

#....... #......#
#.....# #.....#
########## #).#.#
+........#######@).###
+........#..(.))()...##
#........+.......)....#
#.....<..#(...@......#..
#........#..............
#..../...#..............
#######################


You could see a vault warden.

Vanquished Creatures
  Saint Roka (Swamp:2)
  Boris (D:20)
  Norris (Vaults:3)
  Frederick (Vaults:2)
  Nikola (D:18)
  2 sphinxes
  Agnes (D:17)
  A shadow dragon (D:20)
  Kirke (D:18)
  Wiglaf (D:20)
  A vault warden (Vaults:1)
  Aizul (Swamp:4)
  Louise (Swamp:3)
  An emperor scorpion (shapeshifter) (D:20)
  2 deep elf sorcerers
  An emperor scorpion (Spider:1)
  Jorgrun (Swamp:4)
  3 stone giants
  A wizard (D:15)
  Snorg (Swamp:3)
  2 dragons
  A minotaur (Lab)
  29 hydras
  3 ironheart preservers
  A vault guard (Vaults:1)
  A great orb of eyes (Vaults:3)
  12 ogre magi
  Fannar (D:11)
  Harold (D:15)
  A ravenous item mimic (Vaults:3)
  The ghost of Chiseanne the Prestidigitator, an experienced CeAr of Nemelex Xobeh (D:7)
  Pikel (D:6)
  4 yaktaur captains
  13 alligators
  9 death yaks
  An anaconda (Swamp:5)
  A vampire mage (Vaults:2)
  26 centaur warriors
  A rakshasa (D:16)
  4 orc high priests
  8 skeletal warriors
  2 elves (shapeshifter)
  A catoblepas (Lair:8)
  3 deep elf knights
  A flayed ghost (Vaults:1)
  A giant orange brain (shapeshifter) (D:20)
  14 swamp dragons
  6 unseen horrors
  14 hill giants
  A swamp dragon (shapeshifter) (D:18)
  4 giant amoebae
  5 wolf spiders
  A deep elf conjurer (D:17)
  Joseph (Orc:1)
  2 wolf spider zombies
  10 cyclopes
  4 ironbrand convokers
  2 necromancers
  A shadow dragon skeleton (Vaults:4)
  2 sixfirhies
  11 orc knights
  3 stone giant zombies
  An oklob plant (D:13)
  6 orc sorcerers
  A fire giant zombie (Vaults:2)
  A spiny worm (Vaults:2)
  3 red wasps
  13 elephants
  5 black mambas
  2 fire giant skeletons (D:19)
  A vault sentinel (Vaults:2)
  3 stone giant skeletons
  6 griffons
  2 deep elf summoners (D:20)
  2 item mimics
  An eye of devastation (D:16)
  20 spiny frogs
  3 vapours (D:15)
  2 feature mimics
  3 fire drakes
  14 yaktaurs
  2 demonic crawlers
  2 orb spiders (Spider:1)
  2 iron troll zombies
  15 trolls
  2 smoke demons (Swamp:2)
  A red devil (Vaults:2)
  7 komodo dragons
  2 deep elf priests (Vaults:2)
  A jumping spider (shapeshifter) (D:20)
  3 iron troll skeletons
  An iron devil (Vaults:3)
  A hellwing (Orc:4)
  A jumping spider (Spider:1)
  A hydra zombie (D:13)
  13 baby alligators
  2 spriggans (shapeshifter)
  3 trolls (shapeshifter)
  4 giant leeches
  Sonja (D:10)
  6 polar bears (Lair:8)
  79 slime creatures
  2 hydra skeletons
  A wandering mushroom (D:15)
  A fire vortex (D:15)
  A harpy skeleton (D:19)
  2 boulder beetles
  6 bog bodies
  2 ettin zombies
  A red wasp zombie (Vaults:1)
  5 deep elf magi
  19 two-headed ogres
  A raven (shapeshifter) (D:13)
  A brown ooze (shapeshifter) (D:16)
  A fire giant simulacrum (D:20)
  A flying skull (Vaults:2)
  2 grizzly bears (shapeshifter)
  7 blink frogs
  5 basilisks
  5 shadows
  7 redbacks
  A frost giant simulacrum (D:19)
  2 ice dragon skeletons
  2 stone giant simulacra
  5 tarantellas
  2 brown oozes (Swamp:2)
  3 trapdoor spiders
  A basilisk (shapeshifter) (D:20)
  11 grizzly bears (Lair:8)
  3 water elementals (D:15)
  94 ugly things
  2 ettin skeletons
  A tarantella (shapeshifter) (D:19)
  3 wraiths
  4 air elementals (D:15)
  2 hogs (shapeshifter)
  A shark (D:16)
  3 wyverns
  64 vampire mosquitoes
  3 elephant slugs
  3 vampires
  56 yaks
  11 hippogriffs
  4 clay golems
  A hog (D:17)
  A rock worm (Spider:1)
  3 molten gargoyles (D:15)
  2 hill giant skeletons
  4 wolves
  An iron troll simulacrum (D:19)
  A redback simulacrum (Vaults:2)
  13 deep elf fighters
  3 hungry ghosts
  A merfolk (shapeshifter) (D:13)
  7 manticores
  3 fire elementals (D:15)
  Edmund (Orc:1)
  A steam dragon (D:11)
  3 soldier ants
  40 swamp worms
  A gargoyle (D:18)
  An agate snail zombie (Vaults:1)
  17 swamp drakes
  8 ice beasts
  19 giant goldfish
  A freezing wraith (D:17)
  29 orc warriors
  6 black bears
  10 porcupines
  A dwarf (D:5)
  A phantom (D:8)
  24 centaurs
  A boring beetle (shapeshifter) (D:15)
  50 ogres
  2 boring beetles
  16 crocodiles
  5 sky beasts
  Duvessa (D:7)
  A vampire mosquito zombie (Vaults:1)
  11 giant slugs
  12 lava worms (Lair:7)
  3 wargs
  Blork the orc (D:6)
  7 big kobolds
  19 giant frogs
  7 agate snails
  24 water moccasins
  16 insubstantial wisps
  6 earth elementals (D:15)
  A manticore skeleton (D:6)
  A hippogriff zombie (D:7)
  A wyvern skeleton (D:13)
  A cyclops skeleton (D:14)
  An eye of draining (D:11)
  A boulder beetle zombie (D:15)
  15 killer bees
  A yak zombie (D:12)
  5 electric eels
  A glowing shapeshifter simulacrum (Vaults:2)
  A troll zombie (D:12)
  11 jellyfish
  A pulsating lump (D:11)
  7 wights
  2 yak skeletons
  2 quasits
  A troll skeleton (D:15)
  A boring beetle zombie (D:19)
  A pulsating lump (shapeshifter) (D:19)
  Dowan (D:7)
  10 big fish
  A giant frog zombie (D:9)
  5 goliath beetles
  9 crimson imps
  10 spiders
  Crazy Yiuf (D:6)
  A basilisk zombie (D:12)
  19 hounds
  5 jellies
  4 scorpions
  24 orc priests
  32 orc wizards
  13 worker ants
  12 iguanas
  18 sheep
  3 orange rats (D:12)
  2 ogre zombies
  A sky beast zombie (D:10)
  Ijyb (D:3)
  2 hound zombies (D:6)
  An ogre skeleton (D:5)
  12 boggarts
  A mummy (D:11)
  A hound skeleton (D:9)
  33 adders
  35 green rats
  10 giant centipedes
  5 giant mites
  4 gnolls (D:6)
  An inept item mimic (D:7)
  A goliath beetle zombie (D:9)
  4 worms
  2 ufetubi (Orc:3)
  An iguana skeleton (D:4)
  7 grey rats (D:12)
  3 giant eyeballs
  11 giant geckos
  An ooze (D:3)
  180 orcs
  4 ball pythons
  14 bats
  2 bat skeletons
  A bat zombie (D:6)
  3 giant cockroaches
  20 goblins
  19 hobgoblins
  11 quokkas
  A giant gecko skeleton (D:4)
  6 giant newts
  A goblin skeleton (D:4)
  A goblin zombie (D:5)
  A hobgoblin skeleton (D:4)
  3 illusory rakshasas (D:16)
  9 jackals
  41 kobolds
  An orc skeleton (D:7)
  A quokka skeleton (D:6)
  24 rats
  A rat skeleton (D:6)
  3 bushes (D:12)
  17 fungi
  20 plants
1954 creatures vanquished.

Vanquished Creatures (collateral kills)
  The ghost of Chiseanne the Ducker, an experienced CeAr of Nemelex Xobeh (D:6)
  A spiny frog (Lair:8)
  A redback zombie (D:20)
  An ogre (D:11)
  A troll skeleton (D:11)
  An orc priest (D:6)
  A boggart (D:20)
  A giant gecko (D:1)
  2 orcs (D:6)
10 creatures vanquished.

Vanquished Creatures (others)
  A fire drake (Swamp:5)
  2 fire vortices (D:15)
  A blink frog (Lair:8)
  A deep elf mage (D:20)
  A fire elemental (Lair:8)
  A hippogriff (D:15)
  A swamp drake (Swamp:5)
  A slave (D:6)
  2 centaurs (D:20)
  5 humans (D:18)
  A giant frog zombie (D:6)
  A quokka (D:6)
  A giant newt (Lair:3)
  A goblin (D:6)
  2 rats
  4 fungi (Lair:4)
  A plant (Lair:8)
27 creatures vanquished.

Grand Total: 1991 creatures vanquished

Notes
Turn   | Place    | Note
--------------------------------------------------------------
     0 | D:1      | Chiseanne, the Centaur Artificer, began the quest for the Orb.
     0 | D:1      | Reached XP level 1. HP: 17/17 MP: 1/1
   374 | D:1      | Reached XP level 2. HP: 24/24 MP: 2/2
   379 | D:1      | Reached skill level 3 in Evocations
  1082 | D:2      | Reached XP level 3. HP: 25/29 MP: 4/4
  1532 | D:2      | Reached skill level 1 in Armour
  1682 | D:2      | Reached XP level 4. HP: 31/37 MP: 5/5
  1964 | D:3      | Found an iron altar of Okawaru.
  1986 | D:3      | Became a worshipper of Warmaster Okawaru
  2070 | D:3      | Noticed Ijyb
  2075 | D:3      | Killed Ijyb
  2954 | D:4      | Reached XP level 5. HP: 35/42 MP: 6/6
  3229 | D:4      | Acquired Okawaru's first power
  3304 | D:4      | Reached XP level 6. HP: 47/50 MP: 8/8
  3590 | D:5      | Entered Level 5 of the Dungeon
  3598 | D:5      | Reached skill level 1 in Short Blades
  3975 | D:5      | Reached XP level 7. HP: 49/56 MP: 9/9
  4040 | D:5      | Found a blossoming altar of Fedhas.
  4307 | D:5      | Reached skill level 4 in Armour
  5372 | D:6      | Noticed Crazy Yiuf
  5385 | D:6      | Killed Crazy Yiuf
  5447 | D:6      | Reached skill level 1 in Shields
  5447 | D:6      | Reached skill level 1 in Invocations
  5555 | D:6      | Noticed Pikel
  5557 | D:6      | Noticed Chiseanne's ghost (experienced CeAr)
  5591 | D:6      | Killed Chiseanne's ghost
  5591 | D:6      | Reached XP level 8. HP: 63/63 MP: 10/10
  5592 | D:6      | Was placed under penance by Okawaru
  5618 | D:6      | Killed Pikel
  5618 | D:6      | Was forgiven by Okawaru
  5618 | D:6      | Reached skill level 5 in Armour
  5912 | D:6      | Paralysed by a giant eyeball for 2 turns
  5921 | D:6      | Paralysed by a giant eyeball for 2 turns
  5989 | D:6      | Reached XP level 9. HP: 61/71 MP: 12/12
  6048 | D:6      | Noticed Blork the orc
  6065 | D:6      | Killed Blork the orc
  6358 | D:6      | Reached skill level 6 in Armour
  6708 | D:7      | Noticed Dowan
  6712 | D:7      | Noticed Duvessa
  6725 | D:7      | Killed Duvessa
  6733 | D:7      | Killed Dowan
  6733 | D:7      | Reached skill level 1 in Maces & Flails
  6765 | D:7      | Found a sparkling altar of Nemelex Xobeh.
  6811 | D:7      | Found a staircase to the Ecumenical Temple.
  7633 | D:7      | Noticed Chiseanne's ghost (experienced CeAr)
  7657 | D:7      | Killed Chiseanne's ghost
  7657 | D:7      | Reached skill level 5 in Fighting
  7657 | D:7      | Reached skill level 7 in Armour
  7796 | D:7      | Found an iron altar of Okawaru.
  7797 | D:7      | Found a bloodstained altar of Trog.
  7887 | D:7      | Paralysed by a giant eyeball for 3 turns
  7894 | D:7      | Paralysed by a giant eyeball for 2 turns
  7996 | D:7      | Paralysed by a giant eyeball for 4 turns
  8606 | Temple   | Entered the Ecumenical Temple
  9392 | D:8      | Reached XP level 10. HP: 77/79 MP: 14/14
  9715 | D:8      | Found a white marble altar of Elyvilon.
 10148 | D:8      | Got a faintly glowing sabre
 10155 | D:8      | Identified the cursed -1,+3 sabre of War {antimagic, -Cast rPois} (You found it on level 8 of the Dungeon)
 10992 | D:9      | Reached skill level 5 in Invocations
 11979 | D:10     | Entered Level 10 of the Dungeon
 12108 | D:10     | Reached skill level 5 in Dodging
 12410 | D:10     | Noticed Sonja
 12418 | D:10     | Killed Sonja
 12707 | D:10     | Found a staircase to the Orcish Mines.
 12881 | D:11     | Noticed Urug
 12919 | D:11     | Noticed a centaur warrior
 12932 | D:11     | Found a labyrinth entrance.
 12938 | D:11     | Noticed Fannar
 12942 | Lab      | Entered a labyrinth
 13870 | Lab      | Noticed a minotaur
 13881 | Lab      | Killed a minotaur
 13887 | Lab      | Got a brightly glowing glass ring
 13888 | Lab      | Got a transparent scale mail
 13893 | Lab      | Identified a +2 rod of frigid destruction (11/11) (You found it in a labyrinth)
 13906 | Lab      | Identified the Almanac of Warped Conjuration (You found it in a labyrinth)
 13924 | D:11     | Killed Fannar
 13924 | D:11     | Reached skill level 8 in Armour
 13924 | D:11     | Reached XP level 11. HP: 86/86 MP: 15/18
 14218 | D:11     | Identified the ring of Dapseaq {Contam rF+ rC+ Acc+2} (You found it in a labyrinth)
 14300 | D:11     | Found Wanwiuwk's Jewellery Shoppe.
 14324 | D:11     | Bought a cursed -3 ring of evasion for 28 gold pieces
 14357 | D:11     | Killed a centaur warrior
 14357 | D:11     | Acquired Okawaru's second power
 14392 | D:11     | Noticed Urug
 14392 | D:11     | Urug changed into Urug the pulsating lump
 14429 | D:11     | Killed Urug the pulsating lump
 14702 | D:12     | Noticed a four-headed hydra
 14763 | D:12     | Received a gift from Okawaru
 14877 | D:12     | Found a staircase to the Lair.
 15170 | D:12     | Killed an unseen horror
 15257 | D:12     | Killed a four-headed hydra
 15441 | Lair:1   | Entered Level 1 of the Lair of Beasts
 15662 | Lair:1   | Identified the cursed +1 scale mail of Ybeyckov {Dex+5} (You found it in a labyrinth)
 16121 | Lair:1   | Reached XP level 12. HP: 70/95 MP: 20/20
 16682 | Lair:2   | Noticed a four-headed hydra
 16688 | Lair:2   | Reached skill level 5 in Shields
 16790 | Lair:2   | Killed a four-headed hydra
 16790 | Lair:2   | Reached skill level 5 in Maces & Flails
 17221 | Lair:2   | Paralysed by a potion of paralysis for 6 turns
 17935 | Lair:3   | Found a staircase to the Swamp.
 18002 | Lair:3   | Received a gift from Okawaru
 18881 | Lair:4   | Reached skill level 9 in Dodging
 19021 | Lair:4   | Found a hole to the Spider Nest.
 19300 | Lair:4   | Noticed a four-headed hydra
 19314 | Lair:4   | Killed a four-headed hydra
 19957 | Lair:5   | Learned a level 1 spell: Apportation
 19960 | Lair:5   | Learned a level 2 spell: Blink
 20832 | Lair:6   | Reached XP level 13. HP: 58/104 MP: 22/22
 21047 | Lair:6   | Reached skill level 1 in Long Blades
 21320 | Lair:6   | Reached skill level 10 in Dodging
 21362 | Lair:6   | Received a gift from Okawaru
 22035 | Lair:7   | Found a staircase to the Slime Pits.
 23203 | Lair:8   | Entered Level 8 of the Lair of Beasts
 23261 | Lair:8   | Received a gift from Okawaru
 24205 | Lair:8   | Got an ancient crystal amulet
 24346 | Lair:7   | Identified the amulet of Diffuvve {Inacc MR++} (You found it on level 8 of the Lair of Beasts)
 24350 | Lair:7   | Gained mutation: You are partially covered in slimy green scales (AC +2). [potion of beneficial mutation]
 24396 | Lair:8   | Reached XP level 14. HP: 95/113 MP: 16/23
 24405 | Lair:8   | Reached skill level 11 in Dodging
 24813 | Lair:8   | Received a gift from Okawaru
 25801 | D:11     | Bought an uncursed ring of see invisible for 210 gold pieces
 25907 | D:12     | Noticed Psyche
 25948 | D:12     | Noticed Psyche
 25948 | D:12     | Psyche changed into Psyche the ice beast
 25951 | D:12     | Killed Psyche the ice beast
 26501 | D:12     | Learned a level 1 spell: Corona
 27068 | D:13     | Found Iduguw's Food Shoppe.
 27424 | D:13     | Received a gift from Okawaru
 27791 | D:14     | Entered Level 14 of the Dungeon
 28104 | D:14     | Found a portal to a secret trove of treasure.
 28360 | Lair:1   | Reached skill level 5 in Long Blades
 29288 | D:15     | Entered Level 15 of the Dungeon
 29732 | D:15     | Noticed Harold
 29746 | D:15     | Killed Harold
 30555 | D:14     | Reached XP level 15. HP: 122/122 MP: 25/25
 31056 | D:15     | Reached skill level 12 in Dodging
 31073 | D:16     | Received a gift from Okawaru
 31077 | D:16     | Got a fine demon trident {god gift}
 31212 | Lair:1   | Identified the +2,-4 demon trident of Corruption {god gift, venom, rN+ MR++} (Okawaru gifted it to you on level 16 of the Dungeon)
 31605 | D:15     | Reached skill level 1 in Polearms
 32098 | D:15     | Lost mutation: You are partially covered in slimy green scales (AC +2). [helix card]
 32098 | D:15     | Gained mutation: You are dopey. (Int -2) [helix card]
 32100 | D:15     | Gained mutation: You have a pair of small horns on your head. [helix card]
 32101 | D:15     | Lost mutation: You are dopey. (Int -2) [helix card]
 32101 | D:15     | Gained mutation: You are partially covered in thin metallic scales (AC +2). [helix card]
 32202 | D:15     | Reached skill level 10 in Evocations
 32202 | D:15     | Reached XP level 16. HP: 106/129 MP: 25/28
 32731 | D:16     | Reached XP level 17. HP: 121/137 MP: 28/28
 32964 | D:15     | Received a gift from Okawaru
 32964 | D:15     | Reached skill level 10 in Fighting
 32965 | D:15     | Got a pair of pitted gloves {god gift}
 33070 | D:15     | Identified the +0 pair of gloves of the Other World {god gift, +Inv} (Okawaru gifted it to you on level 15 of the Dungeon)
 33295 | Orc:1    | Entered Level 1 of the Orcish Mines
 33295 | Orc:1    | Noticed Joseph
 33306 | Orc:1    | Killed Joseph
 33364 | Orc:1    | Found Thochoe's Weapon Boutique.
 33371 | Orc:1    | Found an iron altar of Okawaru.
 33776 | Orc:1    | Noticed Edmund
 33791 | Orc:1    | Killed Edmund
 34706 | Orc:3    | Found a staircase to the Elven Halls.
 34917 | Orc:2    | Noticed Maurice
 34930 | Orc:2    | Noticed Maurice
 34930 | Orc:2    | Maurice changed into Maurice the soldier ant
 34940 | Orc:2    | Killed Maurice the soldier ant
 35119 | Orc:4    | Entered Level 4 of the Orcish Mines
 36693 | Orc:4    | Found Grenixt's Gadget Boutique.
 36693 | Orc:4    | Found Sarod's Assorted Antiques.
 36700 | Orc:4    | Found Stryav's Gadget Boutique.
 36700 | Orc:4    | Found Yledamud's General Store.
 36716 | Orc:4    | Bought a potion of heal wounds for 42 gold pieces
 36716 | Orc:4    | Bought a scroll of enchant armour for 77 gold pieces
 36716 | Orc:4    | Bought a scroll of remove curse for 42 gold pieces
 36716 | Orc:4    | Bought a bread ration for 56 gold pieces
 36716 | Orc:4    | Bought a bread ration for 56 gold pieces
 36722 | Orc:4    | Bought a scroll of identify for 56 gold pieces
 36722 | Orc:4    | Bought a potion of restore abilities for 84 gold pieces
 36722 | Orc:4    | Bought a potion of speed for 154 gold pieces
 37146 | D:17     | Reached skill level 10 in Armour
 37342 | D:17     | Noticed Agnes
 37390 | D:17     | Killed Agnes
 38446 | D:18     | Noticed Kirke
 38480 | D:18     | Killed Kirke
 38947 | D:18     | Reached skill level 10 in Shields
 39038 | D:18     | Noticed Nikola
 39073 | D:18     | Killed Nikola
 39073 | D:18     | Received a gift from Okawaru
 39076 | D:18     | Got a slimy animal skin {god gift}
 39147 | D:18     | Identified the +2 animal skin of the Chupacabra {god gift, Acc+6 Dam+5} (Okawaru gifted it to you on level 18 of the Dungeon)
 39315 | D:18     | Found a sparkling altar of Nemelex Xobeh.
 41147 | D:19     | Reached skill level 13 in Dodging
 41949 | D:20     | Entered Level 20 of the Dungeon
 41957 | D:19     | Reached XP level 18. HP: 116/147 MP: 29/29
 42240 | D:19     | Reached skill level 5 in Polearms
 42459 | D:20     | Found a staircase to the Vaults.
 43795 | D:20     | Noticed Wiglaf
 44345 | D:20     | Killed Wiglaf
 44345 | D:20     | Received a gift from Okawaru
 44772 | D:20     | Noticed Boris
 45262 | D:13     | Bought a bread ration for 48 gold pieces
 45262 | D:13     | Bought a choko for 4 gold pieces
 45262 | D:13     | Bought a bread ration for 48 gold pieces
 45262 | D:13     | Bought a snozzcumber for 4 gold pieces
 45262 | D:13     | Bought a meat ration for 48 gold pieces
 45262 | D:13     | Bought a bread ration for 48 gold pieces
 45262 | D:13     | Bought a bread ration for 48 gold pieces
 45262 | D:13     | Bought an orange for 14 gold pieces
 45262 | D:13     | Bought a banana for 14 gold pieces
 45262 | D:13     | Bought a meat ration for 48 gold pieces
 45262 | D:13     | Bought a pear for 9 gold pieces
 45262 | D:13     | Bought a bread ration for 48 gold pieces
 45482 | Spider:1 | Entered Level 1 of the Spider Nest
 46027 | Spider:1 | HP: 7/148 [emperor scorpion (15)]
 46781 | Vaults:1 | Entered Level 1 of the Vaults
 47455 | Swamp:1  | Entered Level 1 of the Swamp
 48561 | Swamp:2  | Noticed Saint Roka
 48590 | Swamp:2  | Killed Saint Roka
 48868 | Swamp:2  | Reached skill level 14 in Dodging
 50027 | Swamp:3  | Reached XP level 19. HP: 105/156 MP: 30/30
 50194 | Swamp:3  | Noticed Snorg
 50209 | Swamp:3  | Killed Snorg
 50579 | Swamp:3  | Noticed Louise
 50624 | Swamp:3  | Killed Louise
 51320 | Swamp:4  | Noticed Jorgrun
 51339 | Swamp:4  | Killed Jorgrun
 51661 | Swamp:4  | Noticed Aizul
 51681 | Swamp:4  | Killed Aizul
 51747 | Swamp:5  | Entered Level 5 of the Swamp
 52027 | Swamp:5  | Received a gift from Okawaru
 52576 | Swamp:5  | Got a decaying rune of Zot
 55307 | D:15     | Identified the Handbook of Lightness (You found it on level 15 of the Dungeon)
 55310 | D:15     | Identified the Tome of Harmful Cold (You found it on level 15 of the Dungeon)
 55794 | Lair:1   | Learned a level 2 spell: Repel Missiles
 56257 | D:20     | Killed Boris
 57551 | Vaults:1 | Gained mutation: Your mind is acute. (Int +2) [potion of beneficial mutation]
 57890 | Vaults:1 | Reached skill level 15 in Dodging
 58083 | Vaults:2 | Found Stolus' Antique Armour Boutique.
 58180 | Vaults:2 | Noticed Frederick
 58196 | Vaults:2 | Killed Frederick
 58498 | Vaults:2 | Reached XP level 20. HP: 166/166 MP: 31/31
 58572 | Vaults:2 | Found a staircase to the Crypt.
 58715 | Vaults:2 | Bought a crude cloak for 234 gold pieces
 58715 | Vaults:2 | Bought a twisted scale mail for 518 gold pieces
 58726 | Vaults:2 | Identified the cursed +0 cloak "Schypusu" {+Blink rPois} (You bought it in a shop on level 2 of the Vaults)
 59080 | Vaults:2 | Identified the +3 scale mail "Thim" {Dam+4 Stlth+} (You bought it in a shop on level 2 of the Vaults)
 61337 | Vaults:3 | Noticed Norris
 61367 | Vaults:3 | Killed Norris
 61369 | Vaults:3 | Received a gift from Okawaru
 61376 | Vaults:3 | Got an ichor-stained scimitar {god gift}
 62216 | Vaults:4 | Cast into the Abyss (deep elf sorcerer)
 62219 | Vaults:4 | Escaped the Abyss
 62293 | Vaults:4 | Shot with an arrow by a vault warden

Action                   |  1- 3 |  4- 6 |  7- 9 | 10-12 | 13-15 | 16-18 | 19-21 || total
-------------------------+-------+-------+-------+-------+-------+-------+-------++-------
Melee: Short sword       |   119 |       |       |    27 |       |       |       ||   146
       Quarterstaff      |    15 |   133 |    22 |       |       |       |       ||   170
       Mace              |     5 |       |       |       |       |       |       ||     5
       Dagger            |       |    51 |   285 |   192 |       |       |       ||   528
       Whip              |       |       |    88 |  1117 |   887 |       |       ||  2092
       Long sword        |       |       |       |    14 |   281 |    29 |       ||   324
       Falchion          |       |       |       |       |   521 |       |       ||   521
       Flail             |       |       |       |       |    87 |   807 |   927 ||  1821
       Demon trident     |       |       |       |       |   212 |  2307 |   878 ||  3397
       Rod               |       |       |       |       |       |    27 |     6 ||    33
Invok: Heroism           |       |       |     2 |     8 |    16 |    20 |    10 ||    56
       Finesse           |       |       |       |       |     5 |     7 |     2 ||    14
 Abil: End Transformatio |       |       |       |     1 |     2 |       |       ||     3
       Evoke Flight      |       |       |       |       |       |       |     6 ||     6
Evoke: Wand              |     3 |    12 |    29 |    57 |    29 |    45 |    13 ||   188
       Deck              |       |       |       |     1 |    15 |     2 |       ||    18
       Rod               |       |       |       |     3 |     7 |    72 |    39 ||   121
       Miscellaneous     |       |       |       |       |     1 |       |       ||     1
  Use: Scroll            |       |    14 |     9 |    24 |    13 |    17 |     7 ||    84
       Potion            |       |     4 |     4 |     8 |    10 |    16 |     2 ||    44
 Stab: Paralysed         |     2 |       |     6 |       |       |       |       ||     8
       Sleeping          |       |       |       |     1 |       |     2 |       ||     3
       Invisible         |       |       |       |       |     5 |       |       ||     5
       Fleeing           |       |       |       |       |     1 |     2 |     1 ||     4
